 Dungeon Crawl Stone Soup version 0.28-a0-1493-g08698888e4 (webtiles) character file.

Game seed: 1847233501157253818

32 funkygono the Slasher (level 3, 0/29 HPs)
             Began as a Human Cinder Acolyte on Jan 12, 2022.
             Was a High Priest of Ignis.
             Slain by a ball python (1 damage)
             ... on level 1 of the Dungeon.
             The game lasted 00:01:46 (1306 turns).

funkygono the Slasher (Human Cinder Acolyte)        Turns: 1306, Time: 00:01:47

Health: 0/29       AC:  2    Str: 16    XL:     3   Next: 45%
Magic:  1/4        EV:  8    Int: 14    God:    Ignis [*****.]
Gold:   53         SH:  0    Dex:  8    Spells: 2/4 levels left

rFire   + + .      SeeInvis .   a - -1 falchion (flame)
rCold   . . .      Faith    .   (no shield)
rNeg    . . .      Spirit   .   b - +0 robe
rPois   .          Reflect  .   (no helmet)
rElec   .          Harm     .   (no cloak)
rCorr   .          Rampage  .   (no gloves)
Will    .....                   (no boots)
Stlth   +.........              (no amulet)
HPRegen 0.09/turn               e - ring of protection from fire
MPRegen 0.09/turn               (no ring)

@: constricted
A: no striking features
a: Renounce Religion, Fiery Armour, Foxfire Swarm, Rising Flame


You were on level 1 of the Dungeon.
You worshipped Ignis.
Ignis was extremely pleased with you.
You visited 1 branch of the dungeon, and saw 2 of its levels.

You collected 53 gold pieces.

Inventory:

Hand Weapons
 a - a -1 falchion of flaming (weapon)
Armour
 b - a +0 robe (worn)
Jewellery
 e - a ring of protection from fire (left hand)
Scrolls
 c - a scroll of identify {unknown}
 g - a scroll of summoning {unknown}
 h - a scroll of fog {unknown}
Potions
 d - 2 potions of curing {unknown}
 f - a potion of attraction {unknown}
 i - a potion of lignification {unknown}


   Skills:
 + Level 3.3 Fighting
 + Level 3.5 Long Blades
 + Level 0.7 Dodging
 + Level 1.1 Spellcasting
 + Level 3.2 Fire Magic


You had 2 spell levels left.
You knew the following spells:

 Your Spells              Type           Power      Damage    Failure   Level
a - Scorch                Fire           18%        2d6       11%         2

Your spell library contained the following spells:

 Spells                   Type           Power      Damage    Failure   Level


Dungeon Overview and Level Annotations

Branches:
Dungeon (2/15)

Altars:

Annotations:
D:2 Robin


Message History

The hobgoblin hits you.
You hit the goblin. You burn the goblin.
You kill the goblin!
The ball python closely misses you. The ball python constricts you.
* * * LOW HITPOINT WARNING * * *
The hobgoblin barely misses you. The ball python bites you.
* * * LOW HITPOINT WARNING * * *
The ball python constricts you.
Casting: Scorch (safe; 11% risk of failure)
Confirm with . or Enter, or press ? or * to list all spells.
Flames lash the goblin.
You kill the goblin!
The hobgoblin barely misses you. The goblin barely misses you.
The ball python bites you but does no damage.
The ball python constricts you.
* * * LOW HITPOINT WARNING * * *
You escape the ball python's grasp.
The hobgoblin hits you.
* * * LOW HITPOINT WARNING * * *
The goblin misses you. The ball python closely misses you.
The ball python barely misses you.
Things that are here:
a +0 dagger; a goblin corpse The ball python misses you.
The ball python grabs you. The ball python constricts you.
* * * LOW HITPOINT WARNING * * *
You escape the ball python's grasp.
The hobgoblin closely misses you.
You barely miss the ball python. The ball python closely misses you.
The ball python barely misses you. The ball python closely misses you.
The ball python grabs you. The ball python constricts you.
You closely miss the ball python. Your punch misses the ball python.
The ball python bites you.
* * * LOW HITPOINT WARNING * * *
The ball python constricts you.
Casting: Scorch (safe; 11% risk of failure)
Confirm with . or Enter, or press ? or * to list all spells.
Flames lash the goblin.
You kill the goblin!
The ball python bites you.
You die...

...####.# ##.##..#'#..##.##
......#.# #..####⌠####..#
#.#)#.#.# #8..++⌠<⌠++..8#
#.#...#.#########..####⌠####..#
#.##..............##..#+#..##.#
#.##....####......#.........#.#
#.##.......'.........#...##...###
#.###.#.####.....#.........#.....
#.# #..........#@#........[#.####
#.# #..........#S#......#..#.####
#.####.)####..g#)#.#.....).......
#.##...>)(......g#.##.#..#.#.####
..##.########.####.........#.####
#.##.# #.......##.......#.....
#.##.# #.#..........##########
####.# #.#####.##............. #
#.# #.............#########


You could see a hobgoblin and a ball python.

Vanquished Creatures
  A gnoll (D:1)
  2 bats (D:1)
  A hobgoblin (D:1)
  4 jackals (D:1)
  A quokka (D:1)
  2 ball pythons (D:1)
  7 goblins
  2 kobolds (D:1)
  3 rats (D:1)
  A bush (D:1)
24 creatures vanquished.

Vanquished Creatures (others)
  5 plants (D:1)
5 creatures vanquished.

Grand Total: 29 creatures vanquished

Notes
Turn   | Place    | Note
-------+----------+-------------------------------------------
     0 | D:1      | funkygono the Human Cinder Acolyte began the quest for the
                  | Orb.
     0 | D:1      | Reached XP level 1. HP: 18/18 MP: 2/2
   324 | D:1      | Reached XP level 2. HP: 24/24 MP: 3/3
   327 | D:1      | Learned a level 2 spell: Scorch
   432 | D:1      | Reached XP level 3. HP: 9/29 MP: 1/4
  1259 | D:2      | Noticed Robin
  1292 | D:1      | HP: 1/29 [hobgoblin[Robin] (5)]
  1305 | D:1      | HP: 1/29 [ball python (1)]
  1306 | D:1      | Slain by a ball python

Illustrated notes

Levels and vault maps discovered:
D:1:      grunt_arrival_crossed_arrows, layout_basic, serial_forest,
          infiniplex_forest_clump_small, infiniplex_forest_lined_corner,
          infiniplex_forest_clump_long, infiniplex_forest_clump_curved,
          infiniplex_forest_end_2, infiniplex_forest_zigzag_1
D:2:      layout_rooms, dreamdust_ecumenical_altar_statues,
          minmay_snake_closets, uniq_robin

Action                   || total
-------------------------++-------
Melee: Falchion          ||   137
       Punch             ||     2
 Cast: Scorch            ||    11
Armor: Robe              ||    14
Dodge: Dodged            ||    52

Table legend: (Time is in decaauts)
 A = Elapsed time spent in this place.
 B = Non-inter-level travel time spent in this place.
 C = Inter-level travel time spent in this place.
 D = Time resting spent in this place.
 E = Time spent auto-exploring this place.
 F = Levels seen in this place.
 G = Mean time per level.
                   A        B        C        D        E       F      G
               +--------+--------+--------+--------+--------+-----+--------+
         Total |   1325 |   1311 |     14 |      7 |   1010 |   2 |  662.5 |
       Dungeon |   1325 |   1311 |     14 |      7 |   1010 |   2 |  662.5 |
               +--------+--------+--------+--------+--------+-----+--------+

Top non-repeatable levels by time:
     D:1: 1320 daAuts
     D:2: 5 daAuts
